 Dungeon Crawl Stone Soup version 0.17-a0-1850-g688e747 (webtiles) character file.

132 mcbry74 the Magician (level 4, -1/24 HPs)
             Began as a Deep Elf Wizard on Sept 18, 2015.
             Was an Initiate of Sif Muna.
             Killed from afar by an orc wizard (5 damage)
             ... with a magic dart
             ... on level 3 of the Dungeon.
             The game lasted 00:35:17 (3305 turns).

mcbry74 the Magician (Deep Elf Wizard)              Turns: 3305, Time: 00:35:17

Health: -1/24      AC:  2    Str:  4    XL:     4   Next: 92%
Magic:  2/14       EV: 13    Int: 24    God:    Sif Muna [......]
Gold:   186        SH:  0    Dex: 13    Spells: 5 memorised, 5 levels left

rFire  . . .     SeeInvis .     m - +0 dagger
rCold  . . .     Clarity  .     a - +0 robe
rNeg   . . .     SustAt   .     (no shield)
rPois  .         Gourm    .     b - +0 hat
rElec  .         Spirit   .     (no cloak)
rCorr  .         Warding  .     (no gloves)
rMut   +         Stasis   .     (no boots)
MR     .....                    e - amulet of resist mutation
Stlth  ++........               (no ring)
                                (no ring)

@: very slightly contaminated, slowed, very slow, not resistant to hostile
enchantments, unstealthy
A: no striking features
a: Renounce Religion


You were on level 3 of the Dungeon.
You worshipped Sif Muna.
Sif Muna was noncommittal.
You were hungry.

You visited 1 branch of the dungeon, and saw 3 of its levels.

You collected 186 gold pieces.

Inventory:

Hand weapons
 m - a +0 dagger (weapon)
Armour
 a - a +0 robe (worn)
 b - a +0 hat (worn)
Jewellery
 e - an amulet of resist mutation (around neck)
 p - an uncursed amulet of warding {unknown}
Scrolls
 f - a scroll of remove curse
 k - 2 scrolls of random uselessness {unknown}
 l - 3 scrolls of identify
Potions
 g - a potion of magic {unknown}
 h - a potion of curing {unknown}
 i - a potion of might
 j - 2 potions of brilliance {unknown}
 o - a potion of heal wounds {unknown}
Books
 c - a book of Minor Magic

   Spells                             Type                      Level
   a - Magic Dart                     Conjuration                  1
   b - Blink                          Translocation                2
   c - Call Imp                       Summoning                    2
   d - Repel Missiles                 Charms/Air                   2
   e - Slow                           Hexes                        2
   f - Conjure Flame                  Conjuration/Fire             3
   g - Mephitic Cloud                 Conjuration/Poison/Air       3
 r - Sif Muna's Compendium of Shape Shifting
   (You found it on level 3 of the Dungeon)

   Spells                             Type                      Level
   a - Beastly Appendage              Transmutation                1
Comestibles
 d - 2 bread rations
 n - 3 royal jellies
 q - a beef jerky


   Skills:
 + Level 3.1 Dodging
 + Level 3.1 Stealth
 + Level 6.5 Spellcasting
 + Level 1.9 Conjurations
 + Level 1.7 Summonings
 + Level 1.1 Translocations


You had 5 spell levels left.
You knew the following spells:

 Your Spells              Type           Power        Failure   Level  Hunger
a - Magic Dart            Conj           ###.         3%          1    None
b - Call Imp              Summ           ###.....     8%          2    None
c - Blink                 Tloc           N/A          10%         2    None
d - Mephitic Cloud        Conj/Pois/Air  ##......     21%         3    None
e - Conjure Flame         Conj/Fire      ##......     17%         3    None


Dungeon Overview and Level Annotations

Branches:
Dungeon (3/15)

Altars:
Nemelex Xobeh
Sif Muna
Vehumet


Message History

Press: ? - help, Shift-Dir - straight line, f/p - orc
Aim: an orc, wielding a short sword and wearing a chain mail The magic dart hits the orc wizard.
The orc wizard is moderately wounded.
Something closely misses your crimson imp.
The orc wizard points at you and mumbles some strange words.
The magic dart hits you! The orc wizard hits you with a dagger.
Your crimson imp hits the orc but does no damage.
Something hits your crimson imp.
Your crimson imp dies!
A bat comes into view.
The orc wizard barely misses you. The orc wizard casts a spell at you.
The magic dart hits you!
* * * LOW HITPOINT WARNING * * *
The orc wizard casts a spell at you.
You feel yourself slow down.
The orc wizard points at you and mumbles some strange words.
The magic dart hits you!
You die...

o...# .o..###
.......
########...####
#...obo..).....
#.#############
#o# ...#
#o#######....
#.@.......#
###...##.##
#.......####
#...#......#
#.###....#.#
#.....#..#
########.#..#
#.....####..#
#.###.##....#


You could see an orc wizard and an orc.

Vanquished Creatures
  An orc wizard (D:3)
  A worker ant (D:3)
  An adder (D:1)
  An ooze (D:2)
  2 giant geckos
  An orc (D:3)
  A giant cockroach (D:1)
  7 hobgoblins (D:1)
  7 bats
  A giant newt (D:1)
  7 goblins
  4 kobolds
  9 rats
43 creatures vanquished.

Vanquished Creatures (collateral kills)
  An orc wizard (D:3)
  An adder (D:2)
  2 worms
  2 goblins
  2 hobgoblins (D:3)
  2 kobolds
  A giant cockroach (D:3)
  2 rats
13 creatures vanquished.

Grand Total: 56 creatures vanquished

Notes
Turn   | Place    | Note
--------------------------------------------------------------
     0 | D:1      | mcbry74 the Deep Elf Wizard began the quest for the Orb.
     0 | D:1      | Reached XP level 1. HP: 10/10 MP: 7/7
   556 | D:1      | Reached XP level 2. HP: 13/15 MP: 4/9
   575 | D:1      | Reached skill level 5 in Spellcasting
   857 | D:1      | Learned a level 2 spell: Call Imp
   860 | D:1      | Learned a level 2 spell: Blink
   917 | D:1      | Reached XP level 3. HP: 17/19 MP: 2/12
  1007 | D:1      | Learned a level 3 spell: Mephitic Cloud
  1011 | D:1      | Learned a level 3 spell: Conjure Flame
  1632 | D:2      | Found a sparkling altar of Nemelex Xobeh.
  1882 | D:2      | Found a radiant altar of Vehumet.
  2452 | D:3      | Reached XP level 4. HP: 24/24 MP: 13/13
  2546 | D:3      | Reached skill level 6 in Spellcasting
  2920 | D:3      | Found a deep blue altar of Sif Muna.
  2925 | D:3      | Became a worshipper of Sif Muna the Loreminder
  3138 | D:3      | Identified Sif Muna's Compendium of Shape Shifting
  3305 | D:3      | Killed from afar by an orc wizard

Vault maps used:
D:1:      minmay_arrival_jagged
D:2:      vehumet_crystals, nemelex_xobeh_ov_fountains_minmay
D:3:      ecumenical_altar_1, grunt_decor_fettered, minmay_gold_behind_fungi,
          led_sif_book

Action                   |  1- 3 |  4- 6 || total
-------------------------+-------+-------++-------
Melee: Dagger            |    13 |     6 ||    19
 Cast: Magic Dart        |    86 |    15 ||   101
       Call Imp          |    11 |     6 ||    17
       Blink             |       |     6 ||     6
       Mephitic Cloud    |       |     3 ||     3
  Use: Scroll            |     4 |       ||     4
  Eat: Chunk             |     2 |       ||     2
       Bread ration      |     1 |       ||     1
